 Dungeon Crawl Stone Soup version 0.19.0-2-gae57169 (webtiles) character file.

20942890 Leszczynek the Grand Master (level 27, 282/291 HPs)
             Began as an Octopode Warper on Nov 4, 2016.
             Was the Champion of Cheibriados.
             Escaped with the Orb
             ... and 15 runes on Nov 5, 2016!
             The game lasted 07:28:27 (72807 turns).

Leszczynek the Grand Master (Octopode Warper)      Turns: 72807, Time: 07:28:27

Health: 282/291    AC: 38    Str: 27    XL:     27
Magic:  39/45      EV: 42    Int: 39    God:    Cheibriados [******]
Gold:   2847       SH: 22    Dex: 41    Spells: 16 memorised, 1 level left

rFire  + + .     SeeInvis +       - Unarmed
rCold  + + .     Gourm    .     J - +5 shield {reflect}
rNeg   + + +     Faith    .     y - +2 hat
rPois  ∞         Spirit   .     l - amulet of the Four Winds {rN+ MR+++ Clar}
rElec  +         Reflect  +     F - ring of the Mage {Wiz MR++ Int+3}
rCorr  +         Harm     .     V - +6 ring of protection
MR     +++++     Clarity  +     j - ring of Moderation {Wiz rC+ Dex+3}
Stlth  +++.......               H - ring of Hedonism {Wiz *Drain rN+ Dex+4}
                                a - ring "Hutroaj" {+Blink rF+ rN+}
                                L - ring of see invisible
                                v - ring of Xousmis {rCorr +Inv rF+ Int+2 Dex+2}
                                k - ring of protection from cold

@: statue-form, very slightly contaminated, regenerating (expiring), repel
missiles, very slow
A: almost no armour, stealthy swim, amphibious, 8 rings, constrict 8, camouflage
1, clumsy 1, screaming 1, (gelatinous body 0)
a: End Transformation, Bend Time, Temporal Distortion, Slouch, Step From Time,
Renounce Religion, Evoke Blink, Evoke Invisibility
0: Orb of Zot
}: 15/15 runes: serpentine, barnacled, slimy, silver, golden, iron, obsidian,
icy, bone, abyssal, demonic, glowing, magical, fiery, dark


You escaped.
You worshipped Cheibriados.
Cheibriados was exalted by your worship.
You were full.
You were a stone statue.
You visited 18 branches of the dungeon, and saw 90 of its levels.
You visited Pandemonium 1 time, and saw 21 of its levels.
You visited the Abyss 2 times.
You visited 1 bazaar.
You also visited: Desolation.

You collected 8436 gold pieces.
You spent 5589 gold pieces at shops.

Inventory:

Missiles
 w - 11 throwing nets (quivered)
Armour
 y - a +2 hat (worn)
 J - a +5 shield of reflection (worn)
Rods
 c - a +8 rod of ignition (9/9)
   (You found it on level 4 of the Shoals)
 x - a +0 rod of clouds (13/13)
   (You found it on level 3 of the Snake Pit)
 z - a +4 lightning rod (10/10)
   (You found it on level 7 of the Dungeon)
Jewellery
 a - the ring "Hutroaj" (on tentacle) {+Blink rF+ rN+}
   (You found it on level 3 of the Crypt)

   [ring of positive energy]

   It protects you from fire.
   It protects you from negative energy.
   It lets you blink.
 j - the ring of Moderation (on tentacle) {Wiz rC+ Dex+3}
   (You took it off a tengu warrior on level 3 of the Depths)

   [ring of wizardry]

   It improves your spell success rate.
   It affects your dexterity (+3).
   It protects you from cold.
 k - a ring of protection from cold (on tentacle)
 l - the amulet of the Four Winds (around mantle) {rN+ MR+++ Clar}
   (You found it on level 3 of the Elven Halls)

   [amulet of nothing]

   It protects you from negative energy.
   It affects your resistance to hostile enchantments.
   It protects you against confusion.
 v - the ring of Xousmis (on tentacle) {rCorr +Inv rF+ Int+2 Dex+2}
   (You took it off an orc on level 1 of the Vaults)

   [ring of resist corrosion]

   It affects your intelligence (+2).
   It affects your dexterity (+2).
   It protects you from fire.
   It lets you turn invisible.
 F - the ring of the Mage (left tentacle) {Wiz MR++ Int+3}
   (You found it on level 3 of the Tomb of the Ancients)

   [ring of wizardry]

   It improves your spell success rate.
   It affects your intelligence (+3).
   It affects your resistance to hostile enchantments.
 H - the ring of Hedonism (on tentacle) {Wiz *Drain rN+ Dex+4}
   (You bought it in a shop on level 1 of the Snake Pit)

   [ring of wizardry]

   It improves your spell success rate.
   It affects your dexterity (+4).
   It protects you from negative energy.
   It causes draining when unequipped.
 L - a ring of see invisible (on tentacle)
 P - the ring "Nesipaim" {rElec rF- EV+3 Dex+8}
   (You took it off a balrug in Pandemonium)

   [ring of evasion]

   It affects your evasion (+3).
   It affects your dexterity (+8).
   It makes you vulnerable to fire.
   It insulates you from electricity.
 V - a +6 ring of protection (right tentacle)
 X - the ring "Efoe" {Dex+3 Slay+3}
   (You took it off a deep elf high priest on level 5 of the Vaults)

   [ring of slaying]

   It affects your dexterity (+3).
   It affects your accuracy and damage with ranged weapons and melee attacks
   (+3).
Wands
 E - a wand of disintegration (15/24)
 R - a wand of confusion (36/48)
 T - a wand of acid (12/15)
 U - a wand of teleportation (9/9)
 W - a wand of digging (19/24)
Scrolls
 e - 11 scrolls of teleportation
 f - 35 scrolls of remove curse
 r - 5 scrolls of blinking
 I - 6 scrolls of fog
 Q - 15 scrolls of recharging
 Y - 13 scrolls of identify
 Z - 4 scrolls of summoning
Potions
 h - 10 potions of heal wounds
 i - 6 potions of flight
 m - a potion of resistance
 n - 2 potions of agility
 u - 3 potions of invisibility
 A - 2 potions of cure mutation
 B - a potion of might
 C - 17 potions of curing
 D - a potion of magic
 K - a potion of ambrosia
 M - 7 potions of brilliance
 O - 4 potions of cancellation
Miscellaneous
 b - a figurine of a ziggurat
 g - 11 boxes of beasts
 q - 2 phantom mirrors
 t - a fan of gales
 G - a lamp of fire
 N - 5 sacks of spiders
 S - a phial of floods
Comestibles
 d - 10 bread rations
 p - 32 meat rations


   Skills:
 O Level 27 Fighting
 - Level 1.0 Throwing
 + Level 25.4 Dodging
 - Level 15.4 Stealth
 - Level 15.0 Shields
 O Level 27 Unarmed Combat
 - Level 18.0 Spellcasting
 - Level 3.0 Conjurations
 - Level 1.7 Charms
 - Level 5.0 Summonings
 - Level 11.7 Necromancy
 - Level 17.1 Translocations
 - Level 11.0 Transmutations
 - Level 22.6 Air Magic
 - Level 11.0 Earth Magic
 + Level 21.5 Invocations
 - Level 11.0 Evocations


You had one spell level left.
You knew the following spells:

 Your Spells              Type           Power        Failure   Level  Hunger
a - Blink                 Tloc           N/A          0%          2    None
c - Lesser Beckoning      Tloc           ########..   0%          3    None
d - Passage of Golubria   Tloc           N/A          0%          4    None
e - Animate Skeleton      Necr           N/A          0%          1    None
f - Statue Form           Tmut/Erth      #######..    1%          6    None
g - Passwall              Tmut/Erth      #######...   0%          2    None
h - Song of Slaying       Chrm           #####...     1%          2    None
i - Irradiate             Conj/Tmut      ######....   1%          5    None
j - Control Undead        Necr           #######...   1%          4    None
k - Summon Butterflies    Summ           ######..     1%          1    None
l - Controlled Blink      Tloc           N/A          1%          8    ####...
m - Apportation           Tloc           ########..   0%          1    None
n - Disjunction           Tloc           ########..   1%          8    ####...
q - Regeneration          Chrm/Necr      ######....   1%          3    None
w - Repel Missiles        Chrm/Air       ######       0%          2    None
B - Tornado               Air            ########..   1%          9    #####..


Dungeon Overview and Level Annotations

Branches:
Dungeon (15/15)            Temple (1/1) D:5            Lair (6/6) D:11
 Shoals (4/4) Lair:2        Snake (4/4) Lair:2        Slime (5/5) Lair:5
    Orc (2/2) D:10            Elf (3/3) Orc:2        Vaults (5/5) D:13
  Crypt (3/3) Vaults:3       Tomb (3/3) Crypt:3      Depths (5/5) D:15
   Hell (1/1)                 Dis (7/7) Hell            Geh (7/7) Hell
    Coc (7/7) Hell            Tar (7/7) Hell            Zot (5/5) Depths:5

Altars:
Ashenzari
Cheibriados
Dithmenos
Elyvilon
Fedhas
Gozag
Hepliaklqana
Kikubaaqudgha
Makhleb
Nemelex Xobeh
Okawaru
Qazlal
Ru
Sif Muna
Trog
Uskayaw
Vehumet
Xom
Yredelemnul
Zin
The Shining One
Beogh
Jiyva

Shops:
D:12 :   D:15 :   Orc:2 *=[(   Elf:2 }:*   Elf:3 :   Shoals:2 (   Snake:1 (}==
Snake:2 :   Snake:4 (

Portals:
Hell: Depths:3 Depths:5
Abyss: Depths:1
Pandemonium: Depths:3

Annotations:
D:2 exclusions: bat and gnoll, Sigmund
Shoals:1 exclusion: downstairs
Shoals:2 7 exclusions, Jorgrun
Elf:2 3 runed doors


Innate Abilities, Weirdness & Mutations

You cannot wear most types of armour.
You are very stealthy in the water. (Stealth+)
You are amphibious.
You can wear up to eight rings at the same time.
You can use your tentacles to constrict eight enemies at once.
Your skin changes colour to match your surroundings (Stealth+).
((Your rubbery body absorbs attacks. (AC +1, EV +1)))
You are clumsy. (Dex -2)
You occasionally shout uncontrollably at your foes.


Message History

The Executioner closely misses you. The Executioner completely misses you.
You block the Executioner's attack.
You thrash the Executioner!!!
You kill the Executioner!
Cheibriados thoroughly appreciates the change of pace.
Unknown command.
You block the large abomination's attack.
The large abomination hits you but does no damage.
Unknown command.
You thrash the large abomination!!!!
You destroy the large abomination!
Cheibriados appreciates the change of pace.
You open the door.
There is an open door here.
Your skin is crawling a little less now.
There is a staircase leading out of the dungeon here.
Inscribe which item? (? for menu, Esc to quit)
Okay, then.
Unknown command.
You have escaped!

#.#......#######.##############..
#.....##########'######### #..
##...>##.................# #..
.....###.#.###########.#.# #..
.....# #.##.#.......#.##.# #..
.....# #.#.#.###'###.#.#.# #..
.....# #.#.#.#.....#.#.#.# ####..
.....###.#.#.#.....#.#.#.###.....
##'#.'.'.#.#.+..8..'.#.#.'.'.##..
#.#.###.#.#.#.....#.#.#.########
##.#..(#.#.#.#.....#.#.#.# ##
...##..#.#.#.###+###.#.#.# ♣≈
.####..#.##.#.......#.##.# ♣P
.####..#.#.###########.#.# ♣.
.##....#.................# ♣♣
.##.#..#########'##########♣♣♣♣♣.
.##.#..........#.# ####...#P.♣.♣≈


There were no monsters in sight!

Vanquished Creatures
  Cerebov (Pan)
  Antaeus (Coc:7)
  Asmodeus (Geh:7)
  the Royal Jelly (Slime:5)
  Ereshkigal (Tar:7)
  Lom Lobon (Pan)
  Gloorx Vloq (Pan)
  Mnoleg (Pan)
  A seraph (D:1)
  the Serpent of Hell (Tar:7)
  Dispater (Dis:7)
  Khufu (Crypt:3)
  8 orbs of fire
  3 ancient liches
  Mara (Crypt:2)
  9 pandemonium lords
  15 greater mummies
  4 shard shrikes
  Boris (Depths:5)
  Vashnia (Snake:3)
  A curse toe (Zot:2)
  Bai Suzhen (Snake:4)
  Geryon (Hell)
  4 Killer Klowns
  3 caustic shrikes (Depths:3)
  Xtahua (Depths:5)
  7 golden dragons
  the Enchantress (Depths:3)
  20 Tzitzimimeh
  2 pearl dragons (Pan)
  10 bone dragons
  2 electric golems (Zot:5)
  7 doom hounds
  6 iron giants
  19 Brimstone Fiends
  2 hellephants
  11 Hell Sentinels
  34 Orb Guardians
  22 Ice Fiends
  Rupert (D:13)
  17 tentacled monstrosities
  15 liches
  A deep elf master archer (Elf:3)
  2 deep elf blademasters (Elf:3)
  13 quicksilver dragons
  The ghost of WildSam the Fencer, an adept DsMo of Gozag (Elf:3)
  23 acid blobs
  Polyphemus (Shoals:3)
  12 titans
  The ghost of no0bjke the Peltast, an adept GrFi of Okawaru (Shoals:2)
  The ghost of conein the Slayer, an adept MiBe of Trog (Shoals:4)
  Frances (D:14)
  5 tentacled starspawn
  10 sphinxes
  8 ancient champions
  24 Executioners
  An eldritch tentacle (Coc:7)
  10 shadow dragons
  10 storm dragons
  7 draconian monks
  Ilsuiw (Shoals:4)
  2 revenants
  Donald (Orc:2)
  16 azure jellies
  6 tengu reavers
  7 fire giants
  16 daevas
  11 nagarajas (Snake:4)
  Aizul (Shoals:3)
  10 deep elf sorcerers
  3 ghost moths
  7 draconian knights
  29 balrugs
  17 frost giants
  14 vault wardens
  6 iron dragons
  A caustic shrike zombie (Hell)
  4 curse skulls
  An orc warlord (Orc:2)
  5 draconian scorchers
  6 ghouls
  14 cacodemons
  5 draconian zealots
  7 draconian shifters
  13 angels
  8 warmongers (Pan)
  3 elemental wellsprings (Coc:7)
  4 deep elf elementalists
  A juggernaut zombie (Hell)
  18 ironheart preservers
  5 spriggan defenders
  6 draconian annihilators
  15 war gargoyles
  6 ophanim (Pan)
  An entropy weaver (Vaults:3)
  2 grey draconians (Depths:5)
  2 draconian callers
  5 blood saints (Pan)
  11 very ugly things
  63 reapers
  6 bennus
  12 stone giants
  10 vampire knights
  8 green draconians
  6 yellow draconians
  10 deep elf demonologists
  23 apis (Pan)
  Azrael (D:14)
  8 black draconians
  17 deep elf annihilators
  14 red draconians
  8 black suns (Pan)
  5 corrupters (Pan)
  11 mottled draconians
  2 white draconians
  3 purple draconians
  5 dire elephants (Abyss:5)
  17 lorocyprocas
  A spark wasp (Depths:4)
  8 quicksilver dragon zombies
  16 ettins
  20 mummy priests
  25 blizzard demons
  19 green deaths
  4 death oozes (Slime:5)
  12 fire dragons
  2 merfolk javelineers
  3 eidola
  8 deep elf death magi
  9 deep elf high priests
  11 merfolk impalers (Shoals:4)
  9 jiangshi
  20 ice dragons
  17 great orbs of eyes
  30 vault guards
  2 rakshasas
  9 hydras
  3 quicksilver dragon skeletons
  A servant of whispers (Desolation)
  16 yaktaur captains
  4 ghost crabs
  12 hell beasts
  11 monstrous demonspawn (Pan)
  2 spriggan air magi (Depths:3)
  Erica (D:11)
  33 naga warriors
  2 alligator snapping turtles
  16 anacondas
  14 centaur warriors
  2 merfolk avatars (Shoals:4)
  15 dancing weapons
  5 catoblepae
  3 death knights (Vaults:4)
  17 hell hogs
  4 death yaks
  17 ogre magi
  11 tengu warriors
  2 deep troll shamans (Depths:4)
  8 titan zombies
  15 death scarabs
  11 vampire magi
  6 merfolk aquamancers
  2 deep troll earth magi
  6 thrashing horrors (Abyss:5)
  6 spriggan berserkers (Depths:3)
  16 shock serpents
  8 iron golems
  Urug (D:14)
  7 storm dragon zombies
  An orc high priest (Orc:2)
  56 sun demons
  23 hell knights
  25 deep elf knights
  29 naga sharpshooters
  38 soul eaters
  124 skeletal warriors
  A fire crab (Abyss:5)
  4 titan skeletons
  29 large abominations
  A spark wasp zombie (Hell)
  6 shadow wraiths
  3 wretched stars
  16 sixfirhies
  A ghost moth zombie (Dis:5)
  A death drake (Tar:7)
  A swamp dragon (Abyss:5)
  3 quicksilver dragon simulacra
  4 storm dragon skeletons
  4 unseen horrors
  3 salamander mystics
  13 sea snakes
  3 cherubim (Pan)
  4 infernal demonspawn (Pan)
  9 iron trolls
  A spatial maelstrom (Abyss:5)
  6 golden dragon zombies
  13 shadow demons
  6 wizards
  7 glowing orange brains
  5 anaconda zombies
  3 gelid demonspawn (Pan)
  7 torturous demonspawn (Pan)
  22 flayed ghosts
  An orange crystal statue (Zot:5)
  15 deep elf archers
  13 hill giants
  A tengu zombie (Hell)
  5 anaconda skeletons
  2 kraken simulacra (Coc:5)
  18 deep trolls
  15 ironbrand convokers
  4 golden dragon skeletons
  10 naga ritualists
  21 phantasmal warriors
  4 shadow dragon zombies
  23 orc knights
  23 harpies
  50 deep elf magi
  7 necromancers
  Pikel (D:6)
  6 iron dragon zombies
  6 shadow dragon skeletons
  6 wolf spider zombies
  A lindwurm (shapeshifter) (Vaults:4)
  10 wolf spiders
  8 orc sorcerers
  20 ugly things
  7 fire giant zombies
  8 salamanders
  4 shining eyes
  11 manticores
  2 fauns (Shoals:1)
  5 frost giant zombies
  16 mana vipers
  17 sirens
  18 cyclopes
  6 stone giant zombies
  13 moths of wrath
  7 stone giant skeletons
  5 shock serpent zombies
  15 elephants
  7 guardian serpents
  3 ice statues
  26 vault sentinels
  39 black mambas
  3 frost giant skeletons
  45 rust devils
  9 dire elephant zombies
  2 torpor snails
  A storm dragon simulacrum (Hell)
  11 orange demons
  4 iron dragon skeletons
  6 water nymphs
  2 black mambas (shapeshifter)
  11 molten gargoyles (Geh:7)
  17 naga magi
  4 eyes of devastation
  6 fire giant skeletons
  15 spiny frogs
  4 gargoyles (Crypt:3)
  3 dire elephant skeletons
  44 smoke demons
  2 spiny frogs (shapeshifter)
  4 emperor scorpion zombies
  39 tormentors
  8 komodo dragons
  7 efreet
  A red draconian zombie (Tar:1)
  A yaktaur zombie (Hell)
  5 rime drakes
  62 freezing wraiths
  26 yaktaurs
  22 hellions
  3 shock serpent skeletons
  4 demonic crawlers (Pan)
  3 harpy zombies
  17 hellwings (Pan)
  53 ice devils
  11 hydra zombies
  3 catoblepas skeletons
  2 ancient zymes (Abyss:5)
  48 red devils
  4 tengu conjurers
  A minotaur zombie (Dis:3)
  3 meliai (D:14)
  34 guardian mummies
  26 merfolk
  A shadow dragon simulacrum (Hell)
  2 polar bears
  3 harpy skeletons
  6 ice dragon zombies
  A hornet (shapeshifter) (Abyss:5)
  11 trolls
  Grinder (D:5)
  7 hydra skeletons
  31 two-headed ogres
  A blink frog (Lair:2)
  87 slime creatures
  6 wind drakes
  A dream sheep (shapeshifter) (Vaults:5)
  10 ettin zombies
  6 hornets
  A raiju (shapeshifter) (Vaults:3)
  9 fire dragon zombies
  A slime creature (shapeshifter) (Depths:5)
  4 raiju (Abyss:5)
  14 dream sheep
  11 snapping turtles
  4 alligator zombies
  8 hippogriffs
  2 ice dragon skeletons
  2 air elementals
  3 spriggans
  80 flying skulls
  26 water elementals
  2 redbacks (Vaults:3)
  9 wyverns
  An alligator skeleton (Hell)
  7 ettin skeletons
  30 shadows
  4 vampires (Crypt:3)
  A tarantella (shapeshifter) (Vaults:2)
  27 wraiths
  67 yaks
  A black mamba zombie (Dis:6)
  28 ushabtiu
  A spriggan (shapeshifter) (Vaults:4)
  A fire dragon skeleton (Tomb:1)
  20 ynoxinuls
  10 basilisks
  19 chaos spawn
  7 golden eyes
  38 fire elementals
  A steam dragon (D:10)
  12 neqoxecs
  A human simulacrum (Vaults:1)
  6 hungry ghosts
  16 vampire mosquitoes
  88 nagas
  14 wargs
  7 mottled dragons
  3 insubstantial wisps (Lair:4)
  Edmund (D:6)
  A hydra simulacrum (Coc:6)
  3 merfolk skeletons
  15 water moccasins
  Duvessa (D:7)
  2 floating eyes
  11 spiny frog zombies
  10 porcupines
  58 hell hounds
  3 swamp drakes (Lair:6)
  3 snapping turtle zombies
  5 black bears
  14 ice beasts
  4 sky beasts
  13 necrophages
  2 slaves (D:6)
  4 spiny frog skeletons
  2 swamp dragon zombies
  5 eyes of draining
  64 ogres
  48 orc warriors
  4 ettin simulacra (Depths:3)
  An eye of draining (shapeshifter) (Vaults:1)
  10 phantoms
  5 snapping turtle skeletons
  3 manticore skeletons
  8 wolves
  2 swamp dragon skeletons
  29 centaurs
  13 crocodiles
  A big kobold (D:13)
  2 elf zombies
  Blork the orc (Orc:2)
  An earth elemental (Elf:2)
  20 bullfrogs
  Dowan (D:7)
  9 small abominations
  5 scorpions
  A queen bee zombie (Crypt:2)
  16 killer bees
  A swamp dragon simulacrum (Coc:7)
  2 troll zombies
  7 howler monkeys
  66 wights
  2 electric eels (Lair:6)
  11 crimson imps
  26 starcursed masses
  A bullfrog zombie (D:7)
  3 quasits
  4 centaur zombies
  10 hounds
  3 centaur skeletons
  31 orc priests
  5 jellies
  40 orc wizards
  A bullfrog skeleton (D:10)
  25 iron imps
  11 iguanas
  13 worker ants
  10 hell rats
  A sky beast zombie (Crypt:1)
  A naga zombie (Hell)
  A tengu skeleton (Pan)
  A hound skeleton (D:9)
  43 mummies
  A worker ant zombie (D:6)
  15 adders
  A river rat (shapeshifter) (Vaults:5)
  14 shadow imps
  21 white imps
  An ufetubus (Vaults:2)
  2 adder zombies
  2 adder skeletons
  A worm (D:4)
  2 dart slugs
  4 leopard geckos
  100 orcs
  8 giant cockroaches
  7 goblins
  7 hobgoblins
  7 jackals
  7 quokkas
  2 ball pythons (D:2)
  A bat (shapeshifter) (Vaults:5)
  11 bats
  5 frilled lizards
  10 kobolds
  9 rats
  A fungus (D:5)
  A plant (Lair:4)
  3 starspawn tentacles
  2 tentacles (Coc:5)
  A withered plant (Shoals:2)
4646 creatures vanquished.

Vanquished Creatures (collateral kills)
  A greater mummy (Crypt:3)
  An acid blob (Slime:5)
  4 mummy priests
  An ice dragon (Coc:6)
  13 death scarabs
  An ice devil (Coc:6)
21 creatures vanquished.

Vanquished Creatures (others)
  A lich (Tomb:3)
  A titan (Pan)
  An Executioner (Pan)
  A deep elf master archer (Elf:3)
  An eldritch tentacle (Pan)
  An iron dragon (Dis:7)
  A balrug (Pan)
  2 elemental wellsprings
  A lorocyproca (Pan)
  A merfolk javelineer (Shoals:4)
  A large abomination (Depths:3)
  2 green deaths (Pan)
  A yaktaur captain (Depths:5)
  A rakshasa (Pan)
  A quicksilver dragon skeleton (Geh:7)
  A spriggan air mage (Pan)
  5 death scarabs (Tomb:2)
  A naga sharpshooter (Snake:4)
  A deep elf knight (Depths:3)
  A sun demon (Pan)
  A fire crab (Abyss:5)
  2 shadow wraiths (Pan)
  A glowing orange brain (Pan)
  A deep elf archer (Elf:1)
  2 gelid demonspawn (Pan)
  2 wizards (Pan)
  2 deep elf magi
  A cyclops (Shoals:1)
  A salamander (Snake:2)
  A moth of wrath (Zot:2)
  7 yaktaurs
  A tormentor (Pan)
  3 red devils (Pan)
  A harpy skeleton (Tomb:2)
  A merfolk (Shoals:1)
  A slime creature (Slime:1)
  A snapping turtle (Shoals:4)
  2 flying skulls (Tomb:3)
  2 ushabtiu (Tomb:3)
  A ynoxinul (Pan)
  A chaos spawn (Pan)
  A boggart (Elf:1)
  An iron imp (Dis:7)
  An iguana (Lair:6)
  2 mummies (Tomb:2)
  A shadow imp (D:6)
  23 ball lightnings (Pan)
  4 orcs
  A kobold skeleton (Pan)
  A block of ice (Pan)
  17 fungi
  43 plants
  11 starspawn tentacles
  12 tentacles (Coc:5)
  56 withered plants (Crypt:3)
235 creatures vanquished.

Grand Total: 4902 creatures vanquished

Notes
Turn   | Place    | Note
-------+----------+-------------------------------------------
     0 | D:1      | Leszczynek the Octopode Warper began the quest for the Orb.
     0 | D:1      | Reached XP level 1. HP: 14/14 MP: 3/3
    35 | D:1      | Reached skill level 1 in Stealth
   158 | D:1      | Reached skill level 2 in Stealth
   161 | D:1      | Reached XP level 2. HP: 16/19 MP: 5/5
   815 | D:1      | Reached XP level 3. HP: 24/24 MP: 6/6
  1130 | D:2      | Reached skill level 3 in Unarmed Combat
  1204 | D:2      | Noticed Sigmund
  1502 | D:2      | Learned a level 2 spell: Blink
  1505 | D:2      | Learned a level 2 spell: Shroud of Golubria
  2110 | D:2      | Reached XP level 4. HP: 29/29 MP: 7/7
  2522 | D:2      | Reached skill level 4 in Unarmed Combat
  3238 | D:3      | Reached XP level 5. HP: 34/34 MP: 8/8
  3455 | D:4      | Learned a level 3 spell: Lesser Beckoning
  3517 | D:4      | Reached skill level 5 in Unarmed Combat
  3709 | D:4      | Found a blossoming altar of Fedhas.
  3711 | D:4      | Found a deep blue altar of Sif Muna.
  3773 | D:4      | Found a glowing silver altar of Zin.
  3787 | D:4      | Reached XP level 6. HP: 22/39 MP: 5/9
  4267 | D:4      | Reached skill level 6 in Unarmed Combat
  5004 | D:5      | Entered Level 5 of the Dungeon
  5031 | D:5      | Noticed a sky beast
  5033 | D:5      | Noticed Grinder
  5042 | D:5      | Found a staircase to the Ecumenical Temple.
  5051 | Temple   | Entered the Ecumenical Temple
  5214 | Temple   | Became a worshipper of Cheibriados the Contemplative
  5273 | D:5      | Reached XP level 7. HP: 36/45 MP: 7/10
  5339 | D:5      | Reached skill level 3 in Dodging
  5339 | D:5      | Reached skill level 1 in Invocations
  5729 | D:5      | Reached skill level 2 in Invocations
  5749 | D:5      | Killed Grinder
  5749 | D:5      | Reached skill level 3 in Fighting
  5749 | D:5      | Reached skill level 4 in Dodging
  5749 | D:5      | Reached XP level 8. HP: 35/52 MP: 2/11
  6020 | D:5      | Reached skill level 5 in Dodging
  6036 | D:5      | Reached skill level 3 in Invocations
  6530 | D:5      | Reached skill level 4 in Fighting
  6955 | D:6      | Reached skill level 7 in Unarmed Combat
  6977 | D:6      | Reached skill level 6 in Dodging
  7154 | D:6      | Reached * piety under Cheibriados
  7493 | D:6      | Reached XP level 9. HP: 45/59 MP: 5/12
  7617 | D:6      | Noticed Edmund
  7645 | D:6      | Reached skill level 7 in Dodging
  7655 | D:6      | Reached skill level 5 in Fighting
  7816 | D:6      | Learned a level 2 spell: Passwall
  8221 | D:6      | Reached skill level 8 in Unarmed Combat
  8313 | D:7      | Found an opulent altar of Gozag.
  8411 | D:7      | Reached ** piety under Cheibriados
  8670 | D:7      | Reached skill level 8 in Dodging
  8750 | D:7      | Noticed Dowan
  8993 | D:7      | Reached skill level 1 in Evocations
  9003 | D:7      | HP: 5/62 [wight/great sword (13)]
  9250 | D:7      | Noticed Duvessa
  9383 | D:8      | Reached skill level 2 in Evocations
  9725 | D:8      | Reached skill level 6 in Fighting
  9725 | D:8      | Reached skill level 3 in Evocations
  9727 | D:8      | Reached XP level 10. HP: 60/68 MP: 8/13
  9769 | D:8      | Reached skill level 4 in Evocations
  9791 | D:8      | Reached *** piety under Cheibriados
  9985 | D:8      | Reached skill level 5 in Evocations
 10478 | D:8      | Learned a level 3 spell: Stone Arrow
 10572 | D:6      | Noticed Pikel
 10638 | D:6      | Killed Pikel
 10638 | D:6      | Reached skill level 1 in Conjurations
 10638 | D:6      | Reached skill level 2 in Earth Magic
 10724 | D:6      | Killed Edmund
 10724 | D:6      | Reached skill level 2 in Conjurations
 11066 | D:7      | Killed Duvessa
 11083 | D:7      | Killed Dowan
 11083 | D:7      | Reached skill level 3 in Conjurations
 11083 | D:7      | Reached skill level 3 in Earth Magic
 11174 | D:9      | Reached skill level 9 in Dodging
 11521 | D:9      | Reached **** piety under Cheibriados
 11944 | D:10     | Entered Level 10 of the Dungeon
 11975 | D:10     | Got a clouded steel ring
 11976 | D:10     | Identified the ring of the Magpie {rN+ Int+3} (You found it on level 10 of the Dungeon)
 12024 | D:10     | Reached skill level 9 in Unarmed Combat
 12062 | D:10     | Reached skill level 6 in Evocations
 12130 | D:10     | Reached XP level 11. HP: 74/74 MP: 13/15
 12349 | D:10     | Found a staircase to the Orcish Mines.
 12352 | D:10     | Noticed a hill giant
 12848 | D:11     | Noticed Erica
 12997 | D:10     | Reached skill level 4 in Invocations
 13363 | D:11     | Reached skill level 5 in Invocations
 13396 | D:11     | Found a staircase to the Lair.
 13486 | D:11     | Killed Erica
 13486 | D:11     | Reached skill level 6 in Invocations
 13487 | D:11     | sfsdgfseagarsdg
 13761 | D:11     | Reached skill level 7 in Invocations
 14684 | D:10     | Killed a hill giant
 15220 | D:10     | Reached skill level 7 in Fighting
 15220 | D:10     | Reached skill level 10 in Unarmed Combat
 15659 | D:10     | Reached skill level 7 in Evocations
 15975 | D:11     | 10% miscast miscast miscast miscast
 15975 | D:11     | fucking bullshit
 15975 | D:11     | 1 in 10 my ass
 15988 | D:11     | OH LOOK AGAIN XDXDXDXDXDXD
 16081 | D:10     | Noticed a hill giant
 16093 | D:10     | Killed a hill giant
 16148 | D:11     | Noticed a brown ugly thing
 16270 | D:12     | Reached XP level 12. HP: 81/81 MP: 10/17
 16548 | D:12     | Reached skill level 11 in Unarmed Combat
 16564 | D:12     | ....
 16754 | D:11     | Reached skill level 8 in Fighting
 16783 | D:12     | Reached ***** piety under Cheibriados
 16805 | D:12     | Reached skill level 8 in Evocations
 17012 | D:12     | Found Ceyrhos's Book Boutique.
 17016 | D:12     | statue!!!!
 17016 | D:12     | i just have to find enough money for it
 17116 | D:12     | Reached skill level 1 in Transmutations
 17421 | D:11     | Reached skill level 2 in Transmutations
 17422 | D:11     | Reached skill level 4 in Earth Magic
 17485 | Orc:1    | Entered Level 1 of the Orcish Mines
 17514 | D:10     | Reached skill level 3 in Transmutations
 17758 | Lair:1   | Entered Level 1 of the Lair of Beasts
 17758 | Lair:1   | Noticed a seven-headed hydra
 17764 | Lair:1   | Reached skill level 5 in Earth Magic
 17882 | Lair:1   | Killed a seven-headed hydra
 17882 | Lair:1   | Reached skill level 4 in Transmutations
 18089 | Lair:1   | wow, i tripled my AC
 18089 | Lair:1   | ://////
 18130 | Lair:1   | Noticed a five-headed hydra
 18137 | Lair:1   | Killed a five-headed hydra
 18137 | Lair:1   | Reached skill level 5 in Transmutations
 18137 | Lair:1   | Reached skill level 6 in Earth Magic
 18575 | Lair:1   | Reached XP level 13. HP: 59/88 MP: 17/19
 18892 | Lair:1   | Reached skill level 6 in Transmutations
 19230 | Lair:1   | Reached skill level 7 in Earth Magic
 19303 | Lair:1   | Reached skill level 10 in Dodging
 19698 | Lair:2   | Found a staircase to the Snake Pit.
 19702 | Lair:2   | Learned a level 1 spell: Animate Skeleton
 20003 | Lair:2   | Found a staircase to the Shoals.
 20469 | Lair:1   | Reached skill level 7 in Transmutations
 20912 | Lair:2   | Reached skill level 8 in Earth Magic
 20946 | Lair:2   | oh
 21718 | D:12     | Bought a book of the Earth for 975 gold pieces
 21725 | D:12     | Learned a level 6 spell: Statue Form
 22066 | D:13     | Reached skill level 3 in Spellcasting
 22275 | D:13     | Found a gate to the Vaults.
 22663 | Lair:1   | Reached skill level 4 in Spellcasting
 23174 | Lair:3   | Reached skill level 5 in Spellcasting
 23935 | Lair:3   | Learned a level 3 spell: Regeneration
 23940 | Lair:3   | Learned a level 4 spell: Passage of Golubria
 24354 | Lair:4   | Reached skill level 8 in Transmutations
 24378 | Lair:4   | Reached skill level 9 in Earth Magic
 24383 | Lair:4   | Reached ****** piety under Cheibriados
 24393 | Lair:4   | Reached XP level 14. HP: 85/94 MP: 20/22
 25848 | Lair:5   | Reached skill level 9 in Transmutations
 26035 | Lair:5   | Reached skill level 10 in Earth Magic
 26054 | Lair:5   | Found a staircase to the Slime Pits.
 26489 | Lair:6   | Entered Level 6 of the Lair of Beasts
 26577 | Lair:6   | Reached skill level 6 in Spellcasting
 26782 | Lair:6   | Reached skill level 10 in Transmutations
 26883 | Lair:6   | Learned a level 2 spell: Repel Missiles
 26893 | Lair:6   | Reached skill level 7 in Spellcasting
 27209 | Lair:6   | Reached skill level 12 in Unarmed Combat
 27401 | Lair:6   | Reached skill level 8 in Spellcasting
 27874 | Orc:1    | no MR though
 28036 | Orc:1    | Reached XP level 15. HP: 99/99 MP: 21/27
 28184 | Orc:1    | Reached skill level 13 in Unarmed Combat
 28310 | Orc:2    | Entered Level 2 of the Orcish Mines
 28310 | Orc:2    | Found a staircase to the Elven Halls.
 28316 | Orc:2    | fucking vi keys jesus christ
 28316 | Orc:2    | GREAT
 28491 | Orc:2    | Noticed an orc warlord
 28543 | Orc:2    | Noticed Donald
 28549 | Orc:2    | Killed Donald
 28549 | Orc:2    | Reached skill level 14 in Unarmed Combat
 28550 | Orc:2    | oh
 28550 | Orc:2    | wow
 28550 | Orc:2    | this was, uh, fast
 28592 | Orc:2    | Noticed Blork the orc
 28652 | Orc:2    | Reached skill level 1 in Air Magic
 28660 | Orc:2    | Reached skill level 1 in Charms
 28670 | Orc:2    | Killed an orc warlord
 28733 | Orc:2    | Found a roughly hewn altar of Beogh.
 28736 | Orc:2    | Killed Blork the orc
 28749 | Orc:2    | Found Sarisoid's Antique Armour Shop.
 29190 | Orc:2    | Found Qoej's Antique Weapon Shop.
 29251 | Orc:2    | Found Howkoa's General Store.
 29258 | Orc:2    | Bought a scroll of teleportation for 42 gold pieces
 29258 | Orc:2    | Bought a potion of curing for 42 gold pieces
 29267 | Orc:2    | Found Vitoptir's Jewellery Shop.
 29274 | Orc:2    | Bought a +2 ring of evasion for 150 gold pieces
 29295 | Orc:2    | Bought a runed hat for 240 gold pieces
 29305 | Orc:2    | nope
 29632 | D:11     | Reached skill level 1 in Shields
 29660 | D:13     | Noticed Rupert
 29679 | D:13     | Killed Rupert
 29679 | D:13     | Reached skill level 2 in Shields
 29683 | D:13     | Reached skill level 3 in Shields
 29794 | D:13     | Reached skill level 4 in Shields
 30071 | D:14     | Reached skill level 5 in Shields
 30108 | D:14     | Noticed Azrael
 30113 | D:14     | Killed Azrael
 30141 | D:14     | Noticed Frances
 30152 | D:14     | Gained mutation: You expend magic power (3 MP) to strengthen your wands. [a neqoxec]
 30157 | D:14     | Killed Frances
 30157 | D:14     | Reached skill level 6 in Shields
 30177 | D:14     | Noticed Urug
 30185 | D:14     | Killed Urug
 30209 | D:14     | Reached skill level 7 in Shields
 30464 | D:14     | Reached skill level 8 in Shields
 30616 | D:15     | Entered Level 15 of the Dungeon
 30631 | D:15     | Found Vuiceel's Book Boutique.
 30686 | D:15     | Reached XP level 16. HP: 105/105 MP: 23/28
 30749 | D:15     | Found a staircase to the Depths.
 30877 | D:15     | Reached skill level 9 in Shields
 30877 | D:15     | Reached skill level 15 in Unarmed Combat
 31726 | Snake:1  | Entered Level 1 of the Snake Pit
 31751 | Snake:1  | Reached skill level 9 in Fighting
 31905 | Snake:1  | Found Zoewuow's Weapon Boutique.
 32093 | Snake:1  | Reached skill level 10 in Shields
 32153 | Snake:1  | Found Yfipaxt's Jewellery Shop.
 32154 | Snake:1  | Found Labb's Gadget Shoppe.
 32155 | Snake:1  | Found Pioc's Jewellery Shop.
 32176 | Snake:1  | Bought an uncursed amulet of regeneration for 360 gold pieces
 32176 | Snake:1  | Bought an uncursed ring of resist corrosion for 240 gold pieces
 32176 | Snake:1  | Bought an uncursed ring of protection from magic for 300 gold pieces
 32745 | Snake:2  | Reached skill level 11 in Shields
 32746 | Snake:2  | Reached skill level 16 in Unarmed Combat
 32927 | Snake:2  | Found Suwiocof's Book Shop.
 32938 | Snake:2  | Reached skill level 10 in Fighting
 33175 | Snake:2  | Reached XP level 17. HP: 115/115 MP: 19/29
 33357 | Snake:3  | Noticed Vashnia
 33367 | Snake:3  | Killed Vashnia
 33367 | Snake:3  | Reached skill level 12 in Shields
 33578 | Snake:3  | Identified a +0 rod of clouds (13/13) (You found it on level 3 of the Snake Pit)
 33715 | Snake:3  | Reached skill level 13 in Shields
 34135 | Snake:4  | Entered Level 4 of the Snake Pit
 34278 | Snake:4  | Identified a scroll of acquirement
 34387 | Snake:4  | Identified the Almanac of the Helpful Snowflakes
 34392 | Snake:4  | Learned a level 2 spell: Song of Slaying
 34422 | Snake:4  | Reached skill level 14 in Shields
 34683 | Snake:4  | Noticed Bai Suzhen
 34697 | Snake:4  | Killed Bai Suzhen
 34774 | Snake:4  | Reached skill level 15 in Shields
 34887 | Snake:4  | Reached XP level 18. HP: 110/122 MP: 17/30
 35063 | Snake:4  | Reached skill level 8 in Invocations
 35086 | Snake:4  | Reached skill level 11 in Fighting
 35238 | Snake:4  | Identified the Tome of Doomed Changing
 35295 | Snake:4  | Reached skill level 9 in Invocations
 35333 | Snake:4  | Reached skill level 11 in Dodging
 35368 | Snake:4  | Reached skill level 12 in Fighting
 35495 | Snake:4  | Got a serpentine rune of Zot
 35571 | Snake:4  | Found Mehumak's Weapon Emporium.
 36038 | Snake:1  | Reached XP level 19. HP: 133/133 MP: 28/31
 36102 | Snake:1  | Reached skill level 10 in Invocations
 36162 | Shoals:1 | Entered Level 1 of the Shoals
 36163 | Shoals:1 | nice, bazaar with 217 gold
 36237 | Shoals:1 | Reached skill level 13 in Fighting
 36328 | Shoals:1 | Found a flickering gateway to a bazaar.
 36355 | Bazaar   | Entered a bazaar
 36355 | Bazaar   | Found Gusuh's Gadget Shoppe.
 36355 | Bazaar   | Found Oskax's General Store.
 36373 | Bazaar   | Found Teovut's Antique Armour Boutique.
 36384 | Bazaar   | Found Takapre's Distillery.
 36404 | Bazaar   | Found Asir Fugi's Antique Weapon Boutique.
 36412 | Bazaar   | great bazaar
 36412 | Bazaar   | i enjoyed it
 36412 | Bazaar   | :/
 36588 | Shoals:1 | Reached skill level 4 in Translocations
 36701 | Shoals:1 | Reached skill level 1 in Necromancy
 36955 | Shoals:2 | Noticed no0bjke's ghost (adept GrFi)
 36969 | Shoals:2 | Killed no0bjke's ghost
 36969 | Shoals:2 | Reached skill level 5 in Translocations
 37018 | Shoals:2 | Found Zyema's Antique Weapon Emporium.
 37080 | Shoals:2 | Noticed Jorgrun
 37356 | Snake:1  | Bought an uncursed ring of protection from magic for 300 gold pieces
 37517 | Shoals:2 | Reached skill level 6 in Translocations
 37761 | Shoals:3 | Reached skill level 7 in Translocations
 37826 | Shoals:3 | Reached skill level 11 in Invocations
 38009 | Shoals:3 | Learned a level 5 spell: Irradiate
 38144 | Shoals:4 | Entered Level 4 of the Shoals
 38145 | Shoals:4 | Noticed Aizul
 38155 | Shoals:3 | Killed Aizul
 38184 | Shoals:4 | Noticed conein's ghost (adept MiBe)
 38223 | Shoals:4 | Reached skill level 8 in Translocations
 38234 | Shoals:4 | Killed conein's ghost
 38531 | Shoals:3 | Noticed Polyphemus
 38537 | Shoals:3 | Reached skill level 11 in Transmutations
 38547 | Shoals:3 | Killed Polyphemus
 38586 | Shoals:4 | Noticed Ilsuiw
 38596 | Shoals:4 | Reached skill level 9 in Translocations
 38629 | Shoals:4 | Killed Ilsuiw
 38650 | Shoals:4 | Reached XP level 20. HP: 140/140 MP: 22/32
 38911 | Shoals:4 | Identified a +8 rod of ignition (9/9) (You found it on level 4 of the Shoals)
 38932 | Shoals:4 | Reached skill level 12 in Invocations
 38951 | Shoals:4 | Got a barnacled rune of Zot
 39447 | Orc:1    | Reached skill level 11 in Earth Magic
 39490 | Elf:1    | Entered Level 1 of the Elven Halls
 39658 | Elf:1    | Reached skill level 9 in Spellcasting
 39832 | Elf:1    | Found a ruined gateway.
 39838 | Desolati | Entered the Desolation of Salt
 39839 | Desolati | this is not a good idea, likely
 39852 | Desolati | no, fuck this
 39857 | Elf:1    | not with chei
 40081 | Elf:1    | Reached skill level 10 in Spellcasting
 40505 | Elf:2    | Reached skill level 17 in Unarmed Combat
 40532 | Elf:2    | Found Juutoam's Assorted Antiques.
 40540 | Elf:2    | Bought a scroll labeled DEP AZIP ULENE for 35 gold pieces
 40548 | Elf:2    | Bought a scroll of identify for 70 gold pieces
 40585 | Elf:2    | Found a radiant altar of Vehumet.
 40619 | Elf:2    | Found Roidaprich's Gadget Shop.
 40632 | Elf:2    | Reached skill level 12 in Dodging
 40669 | Elf:2    | Bought a wand of teleportation (4/9) for 312 gold pieces
 40816 | Elf:2    | Found a runed gate.
 40822 | Elf:2    | Found a runed gate.
 40824 | Elf:2    | Found a runed gate.
 40881 | Elf:2    | Found Qarr's Book Shoppe.
 40976 | Elf:3    | Entered Level 3 of the Elven Halls
 40988 | Elf:3    | Found Usucs's Book Shoppe.
 41327 | Elf:3    | Noticed WildSam's ghost (adept DsMo)
 41363 | Elf:3    | Killed WildSam's ghost
 41758 | Elf:3    | Reached skill level 14 in Fighting
 41786 | Elf:3    | Reached XP level 21. HP: 148/148 MP: 21/35
 41845 | Elf:3    | Reached skill level 18 in Unarmed Combat
 42035 | Elf:3    | Reached skill level 13 in Dodging
 42077 | Elf:3    | Identified the Volume of Combat Magic
 42121 | Elf:3    | Learned a level 4 spell: Control Undead
 42141 | Elf:3    | Got a ring of the Octopus King
 42142 | Elf:3    | Identified a ring of the Octopus King {rCorr AC+1 EV+1 Str+1 Int+1 Dex+1} (You found it on level 3 of the Elven Halls)
 42538 | Snake:1  | Bought the ring of Hedonism {Wiz *Drain rN+ Dex+4} for 528 gold pieces
 42569 | Snake:1  | Reached skill level 2 in Necromancy
 42753 | Vaults:1 | Entered Level 1 of the Vaults
 42816 | Vaults:1 | Reached skill level 3 in Necromancy
 42917 | Vaults:1 | Reached skill level 4 in Necromancy
 42934 | Vaults:1 | Reached skill level 5 in Necromancy
 42971 | Vaults:1 | Reached skill level 6 in Necromancy
 42990 | Vaults:1 | Got a shimmering bronze ring
 42991 | Vaults:1 | Identified the ring of Xousmis {rCorr +Inv rF+ Int+2 Dex+2} (You took it off an orc on level 1 of the Vaults)
 43246 | Vaults:1 | Reached skill level 7 in Necromancy
 43461 | Vaults:1 | Reached skill level 8 in Necromancy
 44005 | Vaults:2 | Reached skill level 9 in Necromancy
 44090 | Vaults:2 | Reached XP level 22. HP: 155/155 MP: 33/36
 44094 | Vaults:2 | Reached skill level 10 in Necromancy
 44372 | Vaults:2 | Reached skill level 11 in Necromancy
 45326 | Vaults:3 | Reached skill level 15 in Fighting
 45446 | Vaults:3 | Reached skill level 10 in Translocations
 45524 | Vaults:3 | Found a staircase to the Crypt.
 46091 | Vaults:3 | Reached skill level 13 in Invocations
 46604 | Vaults:4 | Reached XP level 23. HP: 164/164 MP: 30/37
 47066 | Vaults:4 | Reached skill level 16 in Fighting
 47104 | Vaults:4 | Reached skill level 14 in Dodging
 47293 | Vaults:4 | Reached skill level 14 in Invocations
 47552 | Vaults:5 | Entered Level 5 of the Vaults
 47824 | Vaults:5 | Noticed an ancient lich
 47838 | Vaults:5 | Killed an ancient lich
 47838 | Vaults:5 | Reached skill level 15 in Dodging
 47847 | Vaults:5 | Reached skill level 15 in Invocations
 47848 | Vaults:5 | Identified the ring "Efoe" {Dex+3 Slay+3} (You took it off a deep elf high priest on level 5 of the Vaults)
 47892 | Vaults:5 | Reached XP level 24. HP: 173/173 MP: 35/37
 47899 | Vaults:5 | Reached skill level 17 in Fighting
 47902 | Vaults:5 | Reached skill level 9 in Evocations
 47982 | Vaults:5 | Identified Weqegaj's Handbook of Earth
 47990 | Vaults:5 | Identified Bybefomi's Incunabulum of the Venomous Snowflakes
 48180 | Vaults:5 | Reached skill level 10 in Evocations
 48190 | Vaults:5 | Reached skill level 19 in Unarmed Combat
 48533 | Vaults:5 | Got a silver rune of Zot
 48780 | Crypt:1  | Entered Level 1 of the Crypt
 48794 | Crypt:1  | Reached skill level 11 in Spellcasting
 48808 | Crypt:1  | Reached skill level 11 in Evocations
 48917 | Crypt:3  | Entered Level 3 of the Crypt
 48981 | Crypt:3  | Identified Sif Muna's Almanac of Supportive Talismans
 48985 | Crypt:3  | Learned a level 1 spell: Summon Butterflies
 49024 | Crypt:3  | Reached skill level 1 in Summonings
 49029 | Crypt:3  | Reached XP level 25. HP: 180/180 MP: 38/38
 49031 | Crypt:3  | Reached skill level 2 in Summonings
 49105 | Crypt:3  | Noticed Khufu
 49105 | Crypt:3  | Noticed a greater mummy
 49114 | Crypt:3  | Killed a greater mummy
 49114 | Crypt:3  | Reached skill level 3 in Summonings
 49123 | Crypt:3  | Killed Khufu
 49123 | Crypt:3  | Reached skill level 4 in Summonings
 49160 | Crypt:3  | Reached skill level 5 in Summonings
 49415 | Crypt:3  | Reached skill level 20 in Unarmed Combat
 49471 | Crypt:3  | Reached skill level 11 in Translocations
 49692 | Crypt:3  | Found an ancient bone altar of Kikubaaqudgha.
 49789 | Crypt:3  | Got a brightly glowing amethyst amulet
 49790 | Crypt:3  | Identified the amulet "Pufeave" {MR++ Regen+ Stlth+} (You found it on level 3 of the Crypt)
 49791 | Crypt:3  | Identified the amulet of Septued {*Drain rPois rF+ rN+ Regen+} (You found it on level 3 of the Crypt)
 49792 | Crypt:3  | Identified the ring "Hutroaj" {+Blink rF+ rN+} (You found it on level 3 of the Crypt)
 50066 | Crypt:3  | Reached skill level 12 in Translocations
 50111 | Crypt:3  | Found a staircase to the Tomb.
 50143 | Tomb:1   | Entered Level 1 of the Tomb of the Ancients
 50260 | Tomb:1   | Paralysed by a chaos spawn for 2 turns
 50324 | Tomb:1   | Noticed a greater mummy
 50345 | Tomb:1   | Killed a greater mummy
 50430 | Tomb:1   | Noticed a greater mummy
 50444 | Tomb:1   | Killed a greater mummy
 50571 | Tomb:2   | Noticed a greater mummy
 50571 | Tomb:2   | Noticed a greater mummy
 50571 | Tomb:2   | Noticed a greater mummy
 50571 | Tomb:2   | Reached skill level 13 in Translocations
 50572 | Tomb:2   | Noticed a greater mummy
 50676 | Tomb:1   | Killed a greater mummy
 50759 | Tomb:1   | Killed a greater mummy
 50820 | Tomb:1   | Killed a greater mummy
 50820 | Tomb:1   | Reached skill level 18 in Fighting
 50820 | Tomb:1   | Reached XP level 26. HP: 97/188 MP: 32/38
 50893 | Tomb:2   | Killed a greater mummy
 51110 | Tomb:2   | hmmmmm
 51110 | Tomb:2   | well i don't mind
 51114 | Tomb:2   | Reached skill level 16 in Dodging
 51256 | Tomb:3   | Entered Level 3 of the Tomb of the Ancients
 51277 | Tomb:3   | Noticed a greater mummy
 51277 | Tomb:3   | Noticed a greater mummy
 51284 | Tomb:2   | Reached skill level 14 in Translocations
 51345 | Tomb:3   | Noticed a greater mummy
 51413 | Tomb:2   | Killed a greater mummy
 51417 | Tomb:2   | Killed a greater mummy
 51584 | Tomb:3   | Noticed a greater mummy
 51735 | Tomb:2   | Killed a greater mummy
 51787 | Tomb:2   | Killed a greater mummy
 51846 | Tomb:3   | Noticed a greater mummy
 51851 | Tomb:3   | Killed a greater mummy
 51862 | Tomb:3   | Noticed a greater mummy
 51862 | Tomb:3   | Noticed a greater mummy
 51868 | Tomb:3   | Killed a greater mummy
 51868 | Tomb:3   | Reached skill level 15 in Translocations
 51876 | Tomb:3   | Killed a greater mummy
 51905 | Tomb:3   | Noticed a greater mummy
 51912 | Tomb:3   | Killed a greater mummy
 51921 | Tomb:3   | Noticed a greater mummy
 51927 | Tomb:3   | Killed a greater mummy
 52151 | Tomb:3   | Got a golden rune of Zot
 52661 | Crypt:2  | Noticed Mara
 52664 | Crypt:2  | Noticed Leszczynek's illusion
 52669 | Crypt:2  | Killed Mara
 53026 | Snake:2  | Bought a book of the Warp for 990 gold pieces
 53035 | Snake:2  | Learned a level 8 spell: Controlled Blink
 53036 | Snake:2  | Bought a book of Party Tricks for 550 gold pieces
 53038 | Snake:2  | Learned a level 1 spell: Apportation
 53160 | Slime:1  | Entered Level 1 of the Pits of Slime
 53240 | Slime:2  | Reached skill level 16 in Translocations
 53273 | Slime:3  | Reached XP level 27. HP: 198/198 MP: 15/38
 53395 | Slime:5  | Entered Level 5 of the Pits of Slime
 53428 | Slime:4  | oh yeah, 5 range on lesser beckoning
 53428 | Slime:4  | at about the same time as getting cblink down to 4%
 53428 | Slime:4  | this is pretty ridiculous
 53431 | Slime:4  | Gained mutation: Your body sometimes deteriorates upon taking damage. [a shining eye]
 53443 | Slime:5  | Reached skill level 12 in Spellcasting
 53487 | Slime:5  | oh, no phantom mirrors in the game?
 53487 | Slime:5  | huh
 53490 | Slime:5  | Found a viscous altar of Jiyva.
 53493 | Slime:5  | Noticed the Royal Jelly
 53568 | Slime:5  | Killed the Royal Jelly
 53638 | Slime:5  | Identified the Collected Works on the Entourage and Good Luck
 53657 | Slime:5  | Reached skill level 17 in Translocations
 53722 | Slime:5  | Got a slimy rune of Zot
 53888 | Snake:1  | Bought a box of beasts for 260 gold pieces
 53888 | Snake:1  | Bought a wand of paralysis (13/24) for 195 gold pieces
 54494 | Snake:2  | Reached skill level 2 in Air Magic
 54746 | Snake:2  | Gained mutation: You are dopey. (Int -2) [mutagenic glow]
 54847 | Snake:2  | Gained mutation: Scrolls take you a little longer to read. [mutagenic glow]
 55068 | Snake:2  | of course when I WANT to get banished from distortion, it doesn't happen
 55068 | Snake:2  | i get all other effect but not this one
 55068 | Snake:2  | but if you ever wield a distortion weapon by chance or by mistake
 55068 | Snake:2  | ha ha
 55068 | Snake:2  | have fun in the abyss, guaranted 100 fucking %
 55140 | Snake:2  | Cast into level 5 of the Abyss (a distortion unwield)
 55140 | Abyss:5  | Entered Level 5 of the Abyss
 55141 | Abyss:5  | wow, sure took a while
 55163 | Abyss:5  | Reached skill level 3 in Air Magic
 55178 | Abyss:5  | Reached skill level 13 in Spellcasting
 55205 | Abyss:5  | Reached skill level 4 in Air Magic
 55212 | Abyss:5  | Paralysed by accursed screaming for 1 turns
 55231 | Abyss:5  | Reached skill level 5 in Air Magic
 55276 | Abyss:5  | Reached skill level 3 in Stealth
 55359 | Abyss:5  | Reached skill level 4 in Stealth
 55406 | Abyss:5  | Reached skill level 5 in Stealth
 55471 | Abyss:5  | Reached skill level 6 in Stealth
 55483 | Abyss:5  | Reached skill level 7 in Stealth
 55487 | Abyss:5  | Found a corrupted altar of Lugonu.
 55489 | Abyss:5  | Got an abyssal rune of Zot
 55559 | Abyss:5  | Reached skill level 8 in Stealth
 55613 | Snake:2  | Escaped the Abyss
 55872 | Depths:1 | Entered Level 1 of the Depths
 55879 | Depths:1 | Found a one-way gate to the infinite horrors of the Abyss.
 56022 | Depths:3 | Reached skill level 9 in Stealth
 56046 | Depths:3 | Identified the Catalogue of the Oath
 56056 | Depths:3 | Reached skill level 10 in Stealth
 56062 | Depths:3 | Found a radiant altar of Vehumet.
 56064 | Depths:3 | Found a gateway to Hell.
 56147 | Depths:3 | Reached skill level 11 in Stealth
 56183 | Depths:3 | Found a deep blue altar of Sif Muna.
 56197 | Depths:3 | Found a one-way gate leading to the halls of Pandemonium.
 56220 | Pan      | Entered Pandemonium
 56234 | Pan      | Noticed Rariolom the pandemonium lord
 56237 | Pan      | Reached skill level 12 in Stealth
 56245 | Pan      | Killed Rariolom the pandemonium lord
 56255 | Pan      | Reached skill level 13 in Stealth
 56294 | Pan      | well, that's fast
 56295 | Pan      | Got a demonic rune of Zot
 56350 | Pan      | Reached skill level 14 in Stealth
 56358 | Pan      | Gained mutation: You are surrounded by a mild repulsion field. (EV +2) [a cacodemon]
 56410 | Pan      | Reached skill level 15 in Stealth
 56416 | Pan      | Noticed Bute the pandemonium lord
 56419 | Pan      | Gained mutation: Your body often deteriorates upon taking damage. [a cacodemon]
 56594 | Pan      | Found an exit through the horrors of the Abyss.
 56649 | Pan      | Reached skill level 6 in Air Magic
 56853 | Pan      | Reached skill level 7 in Air Magic
 56920 | Pan      | Reached skill level 8 in Air Magic
 57035 | Pan      | Reached skill level 9 in Air Magic
 57050 | Pan      | Learned a level 9 spell: Tornado
 57155 | Pan      | Entered the realm of Mnoleg.
 57155 | Pan      | Noticed Mnoleg
 57156 | Pan      | oh
 57156 | Pan      | well
 57156 | Pan      | at least i'll have this done fast
 57164 | Pan      | Gained mutation: You are very dopey. (Int -4) [a neqoxec]
 57166 | Pan      | Killed Mnoleg
 57167 | Pan      | Reached skill level 14 in Spellcasting
 57171 | Pan      | Reached skill level 10 in Air Magic
 57196 | Pan      | wow, pretty clean so far
 57275 | Pan      | Gained mutation: Your spells are a little easier to cast, but a little less powerful. [a neqoxec]
 57289 | Pan      | Gained mutation: You occasionally shout uncontrollably at your foes. [a cacodemon]
 57302 | Pan      | Lost mutation: You are very dopey. (Int -4) [a neqoxec]
 57330 | Pan      | Got a glowing rune of Zot
 57361 | Pan      | Gained mutation: You tend to lose your temper in combat. [a cacodemon]
 57366 | Pan      | Gained mutation: Your magical capacity is low. (-10% MP) [a neqoxec]
 57380 | Pan      | Gained mutation: You often lose your temper in combat. [a neqoxec]
 57389 | Pan      | Reached skill level 11 in Air Magic
 57391 | Pan      | Gained mutation: You sometimes yell uncontrollably at your foes. [a shining eye]
 57423 | Pan      | Found an exit through the horrors of the Abyss.
 57448 | Pan      | Lost mutation: You sometimes yell uncontrollably at your foes. [potion of cure mutation]
 57448 | Pan      | Lost mutation: Your body often deteriorates upon taking damage. [potion of cure mutation]
 57448 | Pan      | Lost mutation: You occasionally shout uncontrollably at your foes. [potion of cure mutation]
 57449 | Pan      | Lost mutation: Scrolls take you a little longer to read. [potion of cure mutation]
 57449 | Pan      | Lost mutation: Your body sometimes deteriorates upon taking damage. [potion of cure mutation]
 57449 | Pan      | Lost mutation: You often lose your temper in combat. [potion of cure mutation]
 57449 | Pan      | Lost mutation: You expend magic power (3 MP) to strengthen your wands. [potion of cure mutation]
 57449 | Pan      | Lost mutation: Your spells are a little easier to cast, but a little less powerful. [potion of cure mutation]
 57450 | Pan      | Lost mutation: You are surrounded by a mild repulsion field. (EV +2) [potion of cure mutation]
 57450 | Pan      | Lost mutation: Your magical capacity is low. (-10% MP) [potion of cure mutation]
 57450 | Pan      | Lost mutation: You tend to lose your temper in combat. [potion of cure mutation]
 57450 | Pan      | Lost mutation: You are dopey. (Int -2) [potion of cure mutation]
 57453 | Pan      | that was a lot
 57537 | Pan      | Found an exit through the horrors of the Abyss.
 57572 | Pan      | oh, cool
 57777 | Pan      | Reached skill level 12 in Air Magic
 57832 | Pan      | Found a white marble altar of Elyvilon.
 58071 | Pan      | Reached skill level 13 in Air Magic
 58188 | Pan      | Identified the +1 large shield "Ovviwetuw" {+Blink rC- MR++ rCorr} (You took it off a daeva in Pandemonium)
 58210 | Pan      | Found a glowing silver altar of Zin.
 58408 | Pan      | Reached skill level 14 in Air Magic
 58464 | Pan      | Noticed Cellex the pandemonium lord
 58465 | Pan      | NOT THE BEST IDEA
 58481 | Pan      | Killed Cellex the pandemonium lord
 58678 | Pan      | Reached skill level 15 in Air Magic
 58881 | Pan      | Reached skill level 21 in Unarmed Combat
 59100 | Pan      | Found an exit through the horrors of the Abyss.
 59131 | Pan      | Reached skill level 19 in Fighting
 59134 | Pan      | Reached skill level 16 in Air Magic
 59217 | Pan      | Entered the realm of Lom Lobon.
 59232 | Pan      | potion of magic, finally
 59434 | Pan      | Found an exit through the horrors of the Abyss.
 59484 | Pan      | Reached skill level 17 in Dodging
 59648 | Pan      | Noticed Lom Lobon
 59654 | Pan      | Got a magical rune of Zot
 59657 | Pan      | Reached skill level 17 in Air Magic
 59744 | Pan      | Noticed Dinnawuo the pandemonium lord
 59757 | Pan      | Killed Dinnawuo the pandemonium lord
 59758 | Pan      | Noticed Lom Lobon
 59758 | Pan      | ...
 59758 | Pan      | chill out dude
 59947 | Pan      | Noticed Kefun the pandemonium lord
 59963 | Pan      | Killed Kefun the pandemonium lord
 59963 | Pan      | Reached skill level 18 in Air Magic
 60278 | Pan      | Entered the realm of Cerebov.
 60290 | Pan      | ok, THIS time i'm killing this bastard
 60560 | Pan      | Reached skill level 19 in Air Magic
 60813 | Pan      | Noticed Cerebov
 60877 | Pan      | Reached skill level 20 in Air Magic
 60992 | Pan      | Got a clouded lead ring
 60993 | Pan      | Identified the ring "Noadub" {Int+8 Stlth-} (You found it in Pandemonium)
 61021 | Pan      | Got a steaming iron ring
 61022 | Pan      | Identified the ring of Fuhiotelogg {Fire +Inv rPois} (You found it in Pandemonium)
 61063 | Pan      | Killed Cerebov
 61066 | Pan      | Got a wavering iron ring
 61071 | Pan      | Identified the ring "Nesipaim" {rElec rF- EV+3 Dex+8} (You took it off a balrug in Pandemonium)
 61091 | Pan      | Got a fiery rune of Zot
 61098 | Pan      | oh, tornado at 5%
 61280 | Pan      | Entered the realm of Gloorx Vloq.
 61281 | Pan      | okay
 61320 | Pan      | Paralysed by the power of Zot for 3 turns
 61387 | Pan      | Reached skill level 21 in Air Magic
 61429 | Pan      | Noticed Lom Lobon
 61477 | Pan      | Killed Lom Lobon
 61480 | Pan      | should've done it the first time
 61723 | Pan      | Noticed Gloorx Vloq
 61749 | Pan      | Reached skill level 22 in Air Magic
 61769 | Pan      | Killed Gloorx Vloq
 61798 | Pan      | Got a dark rune of Zot
 61800 | Pan      | ok, that's pan
 61989 | Pan      | Found an exit through the horrors of the Abyss.
 62000 | Pan      | Took an exit into the Abyss.
 62000 | Abyss:1  | Escaped into the Abyss
 62129 | Abyss:1  | Paralysed by accursed screaming for 1 turns
 62150 | Depths:3 | Escaped the Abyss
 62207 | Hell     | Entered the Vestibule of Hell
 62207 | Hell     | Noticed Geryon
 62235 | Hell     | Reached skill level 15 in Spellcasting
 62534 | Depths:3 | Noticed the Enchantress
 62539 | Depths:3 | Killed the Enchantress
 62571 | Depths:3 | Identified the +1 faerie dragon scales {rN+} (You took it off the Enchantress on level 3 of the Depths)
 62706 | Depths:3 | Reached skill level 16 in Spellcasting
 62797 | Depths:3 | Identified the ring of Moderation {Wiz rC+ Dex+3} (You took it off a tengu warrior on level 3 of the Depths)
 62886 | Hell     | Killed Geryon
 62934 | Hell     | Found a gateway to the ashen valley of Gehenna.
 62962 | Geh:1    | Entered Level 1 of Gehenna
 62962 | Geh:1    | Found a gateway to Hell.
 62983 | Geh:2    | Found a gateway to Hell.
 63051 | Geh:2    | Found a gateway to Hell.
 63081 | Geh:2    | Found a gateway to Hell.
 63112 | Geh:3    | Found a gateway to Hell.
 63119 | Geh:4    | Found a gateway to Hell.
 63136 | Geh:4    | Reached skill level 20 in Fighting
 63232 | Geh:5    | Found a gateway to Hell.
 63271 | Geh:6    | Reached skill level 17 in Spellcasting
 63311 | Geh:6    | Found a gateway to Hell.
 63353 | Geh:7    | Entered Level 7 of Gehenna
 63353 | Geh:7    | Found a gateway to Hell.
 63356 | Geh:7    | Reached skill level 22 in Unarmed Combat
 63689 | Geh:7    | Noticed Asmodeus
 63707 | Geh:7    | Killed Asmodeus
 63723 | Geh:7    | Reached skill level 18 in Spellcasting
 63731 | Geh:7    | Got an obsidian rune of Zot
 63899 | Hell     | Found a gateway to the Iron City of Dis.
 63907 | Hell     | might as well do it next
 63916 | Hell     | Learned a level 8 spell: Disjunction
 63921 | Dis:1    | Entered Level 1 of the Iron City of Dis
 63921 | Dis:1    | Found a gateway to Hell.
 64227 | Dis:2    | Found a gateway to Hell.
 64455 | Dis:3    | Found a gateway to Hell.
 64627 | Dis:4    | Found a gateway to Hell.
 64629 | Dis:4    | Reached skill level 23 in Unarmed Combat
 64687 | Dis:5    | Found a gateway to Hell.
 64718 | Dis:5    | Reached skill level 21 in Fighting
 64867 | Dis:5    | Found a gateway to Hell.
 64993 | Dis:6    | Found a gateway to Hell.
 64995 | Dis:6    | Found a gateway to Hell.
 65142 | Dis:6    | Reached skill level 18 in Dodging
 65388 | Dis:7    | Entered Level 7 of the Iron City of Dis
 65388 | Dis:7    | Found a gateway to Hell.
 65388 | Dis:7    | Found a gateway to Hell.
 65390 | Dis:7    | ehhhh
 65390 | Dis:7    | i want to win already
 65506 | Dis:7    | Reached skill level 24 in Unarmed Combat
 65806 | Dis:7    | Noticed Dispater
 65816 | Dis:7    | Killed Dispater
 65840 | Dis:7    | Got an iron rune of Zot
 65844 | Dis:7    | Identified the Guide on Freezing Shape Shifting
 66046 | Hell     | Found a gateway to the freezing wastes of Cocytus.
 66067 | Coc:1    | Entered Level 1 of Cocytus
 66067 | Coc:1    | Found a gateway to Hell.
 66090 | Coc:2    | Found a gateway to Hell.
 66097 | Coc:2    | Reached skill level 19 in Dodging
 66124 | Coc:2    | Found a gateway to Hell.
 66129 | Coc:3    | Found a gateway to Hell.
 66160 | Coc:3    | Reached skill level 22 in Fighting
 66180 | Coc:3    | Reached skill level 25 in Unarmed Combat
 66196 | Coc:3    | Gained mutation: You are resistant to hostile enchantments. (MR+) [mutagenic glow]
 66222 | Coc:3    | Gained mutation: You are clumsy. (Dex -2) [mutagenic glow]
 66272 | Coc:4    | Found a gateway to Hell.
 66272 | Coc:4    | Found a gateway to Hell.
 66279 | Coc:5    | Found a gateway to Hell.
 66420 | Coc:5    | Found a gateway to Hell.
 66441 | Coc:6    | Found a gateway to Hell.
 66597 | Coc:7    | Entered Level 7 of Cocytus
 66597 | Coc:7    | Found a gateway to Hell.
 66597 | Coc:7    | Found a gateway to Hell.
 66597 | Coc:7    | Found a gateway to Hell.
 67004 | Coc:7    | Gained mutation: You are frail. (-10% HP) [mutagenic glow]
 67096 | Coc:7    | Identified a +2 rod of clouds (4/9) (You took it off a frost giant on level 7 of Cocytus)
 67170 | Coc:7    | Reached skill level 26 in Unarmed Combat
 67218 | Coc:7    | Noticed Antaeus
 67235 | Coc:7    | Reached skill level 20 in Dodging
 67314 | Coc:7    | Killed Antaeus
 67359 | Coc:7    | Got an icy rune of Zot
 67500 | Coc:7    | Gained mutation: You are dopey. (Int -2) [mutagenic glow]
 67523 | Hell     | Gained mutation: You are very clumsy. (Dex -4) [mutagenic glow]
 67531 | Hell     | Found a gateway to the decaying netherworld of Tartarus.
 67682 | Tar:1    | Entered Level 1 of Tartarus
 67682 | Tar:1    | Found a gateway to Hell.
 67683 | Tar:1    | my "favourite"
 67910 | Tar:1    | Found a sparkling altar of Nemelex Xobeh.
 68053 | Tar:1    | Reached skill level 23 in Fighting
 68097 | Tar:1    | Found a sparkling altar of Nemelex Xobeh.
 68124 | Tar:2    | Found a gateway to Hell.
 68331 | Tar:2    | Found a gateway to Hell.
 68381 | Tar:2    | Reached skill level 27 in Unarmed Combat
 68383 | Tar:2    | Found a gateway to Hell.
 68410 | Tar:3    | Found a gateway to Hell.
 68470 | Tar:3    | Found a gateway to Hell.
 68499 | Tar:4    | Found a gateway to Hell.
 68572 | Tar:5    | Reached skill level 21 in Dodging
 68575 | Tar:5    | huh?
 68591 | Tar:5    | Found a gateway to Hell.
 68691 | Tar:6    | Found a gateway to Hell.
 68712 | Tar:7    | Entered Level 7 of Tartarus
 68712 | Tar:7    | Found a gateway to Hell.
 68901 | Tar:7    | Noticed the Serpent of Hell
 68906 | Tar:7    | Killed the Serpent of Hell
 68921 | Tar:7    | Reached skill level 24 in Fighting
 68993 | Tar:7    | Noticed Ereshkigal
 68999 | Tar:7    | Killed Ereshkigal
 69007 | Tar:7    | Reached skill level 22 in Dodging
 69041 | Tar:7    | Got a bone rune of Zot
 69107 | Tar:7    | Identified the +7 eveningstar of Xuowk {flame, rF+} (You took it off a skeletal warrior on level 7 of Tartarus)
 69181 | Hell     | finally
 69351 | Depths:4 | Reached skill level 16 in Invocations
 69448 | Depths:5 | Entered Level 5 of the Depths
 69592 | Depths:5 | Identified the Handbook of Dusty Displacement
 69658 | Depths:5 | Noticed Xtahua
 69663 | Depths:5 | Killed Xtahua
 69840 | Depths:5 | Found a gate to the Realm of Zot.
 69848 | Zot:1    | Entered Level 1 of the Realm of Zot
 69919 | Zot:1    | Reached skill level 17 in Invocations
 69970 | Zot:1    | Gained mutation: You are weak. (Str -2) [mutagenic glow]
 69986 | Zot:1    | Gained mutation: Potions and wands are less effective at restoring your health. [mutagenic glow]
 70199 | Zot:1    | Lost mutation: You are resistant to hostile enchantments. (MR+) [potion of cure mutation]
 70199 | Zot:1    | Lost mutation: You are very clumsy. (Dex -4) [potion of cure mutation]
 70199 | Zot:1    | Lost mutation: Potions and wands are less effective at restoring your health. [potion of cure mutation]
 70368 | Zot:2    | Reached skill level 25 in Fighting
 70387 | Zot:2    | Reached skill level 23 in Dodging
 70729 | Zot:2    | Noticed an orb of fire
 70731 | Zot:2    | Gained mutation: You expend magic power (3 MP) to strengthen your wands. [an orb of fire]
 70737 | Zot:2    | Killed an orb of fire
 70876 | Zot:3    | Reached skill level 18 in Invocations
 70972 | Zot:5    | Entered Level 5 of the Realm of Zot
 71173 | Zot:5    | Noticed an ancient lich
 71174 | Zot:5    | Killed an ancient lich
 71326 | Zot:5    | Noticed an orb of fire
 71329 | Zot:5    | Killed an orb of fire
 71329 | Zot:5    | Reached skill level 19 in Invocations
 71446 | Zot:5    | Reached skill level 24 in Dodging
 71558 | Zot:5    | Noticed an orb of fire
 71564 | Zot:5    | Killed an orb of fire
 71564 | Zot:5    | Reached skill level 26 in Fighting
 71616 | Zot:5    | Noticed an orb of fire
 71618 | Zot:5    | Killed an orb of fire
 71634 | Zot:5    | Noticed an orb of fire
 71637 | Zot:5    | Gained mutation: Your magical capacity is low. (-10% MP) [an orb of fire]
 71640 | Zot:5    | Killed an orb of fire
 71675 | Zot:5    | Noticed an orb of fire
 71682 | Zot:5    | Killed an orb of fire
 71712 | Zot:5    | Reached skill level 20 in Invocations
 71765 | Zot:5    | Noticed an orb of fire
 71780 | Zot:5    | Noticed an orb of fire
 71783 | Zot:5    | Killed an orb of fire
 71786 | Zot:5    | Killed an orb of fire
 71843 | Zot:5    | Lost mutation: You are weak. (Str -2) [potion of cure mutation]
 71843 | Zot:5    | Lost mutation: You are dopey. (Int -2) [potion of cure mutation]
 71843 | Zot:5    | Lost mutation: You are frail. (-10% HP) [potion of cure mutation]
 71843 | Zot:5    | Lost mutation: Your magical capacity is low. (-10% MP) [potion of cure mutation]
 71843 | Zot:5    | Lost mutation: You expend magic power (3 MP) to strengthen your wands. [potion of cure mutation]
 71879 | Zot:5    | Got the Orb of Zot
 72092 | Zot:1    | Noticed Turchummi the pandemonium lord
 72112 | Zot:1    | Killed Turchummi the pandemonium lord
 72214 | Depths:5 | Noticed Boris
 72218 | Depths:5 | Killed Boris
 72234 | Depths:5 | Gained mutation: You occasionally shout uncontrollably at your foes. [a neqoxec]
 72314 | Depths:3 | Noticed Teimipso the pandemonium lord
 72320 | Depths:3 | Killed Teimipso the pandemonium lord
 72332 | Depths:3 | Reached skill level 25 in Dodging
 72469 | D:13     | Noticed Saoblais the pandemonium lord
 72483 | D:13     | Killed Saoblais the pandemonium lord
 72496 | D:13     | Reached skill level 21 in Invocations
 72548 | D:12     | Noticed an ancient lich
 72549 | D:12     | Killed an ancient lich
 72550 | D:12     | Noticed Teaq the pandemonium lord
 72558 | D:12     | Killed Teaq the pandemonium lord
 72726 | D:1      | Noticed a seraph
 72727 | D:1      | last boss
 72741 | D:1      | Killed a seraph
 72741 | D:1      | Reached skill level 27 in Fighting
 72758 | D:1      | Noticed Bobb the pandemonium lord
 72764 | D:1      | Killed Bobb the pandemonium lord
 72807 | D:$      | Escaped with the Orb!

Skill      XL: |  1  2  3  4  5  6  7  8  9 10 11 12 13 14 15 16 17 18 19 20 21 22 23 24 25 26 27 |
---------------+----------------------------------------------------------------------------------+-----
Stealth        | 2 15 | 15.4
Unarmed Combat | 3 4 5 6 7 8 9 10 11 12 14 16 17 18 19 20 27 | 27.0
Dodging        | 4 6 8 9 10 11 12 13 15 16 25 | 25.4
Invocations    | 2 3 7 9 11 12 13 15 21 | 21.5
Fighting       | 3 4 6 7 8 10 12 13 14 15 16 17 18 27 | 27.0
Evocations     | 3 6 7 8 11 | 11.0
Conjurations   | 3 |  3.0
Earth Magic    | 3 6 9 10 11 | 11.0
Transmutations | 5 8 10 11 | 11.0
Spellcasting   | 5 8 10 11 18 | 18.0
Air Magic      | 1 22 | 22.6
Charms         | 1 |  1.7
Shields        | 8 11 15 | 15.0
Translocations | 9 10 13 16 17 | 17.1
Necromancy     | 1 9 11 | 11.7
Summonings     | 1 5 |  5.0
Throwing       | |  1.0

Action                   |  1- 3 |  4- 6 |  7- 9 | 10-12 | 13-15 | 16-18 | 19-21 | 22-24 | 25-27 || total
-------------------------+-------+-------+-------+-------+-------+-------+-------+-------+-------++-------
Melee: Unarmed           |    85 |   118 |   333 |   480 |   859 |   677 |   922 |   906 |  5216 ||  9596
       Tentacles         |     8 |    17 |    78 |   154 |   288 |   183 |   262 |   331 |  1602 ||  2923
       Constrict         |    25 |    27 |    53 |    69 |   137 |    49 |   180 |   140 |   807 ||  1487
       Punch             |     1 |     3 |    19 |    57 |   148 |   134 |   179 |   237 |  1339 ||  2117
Throw: Tomahawk          |       |       |     1 |     5 |    14 |    11 |     4 |       |       ||    35
       Throwing net      |       |       |       |       |       |       |       |       |     6 ||     6
 Cast: Shroud of Golubri |       |     6 |    21 |    42 |    41 |       |     1 |       |       ||   111
       Lesser Beckoning  |       |       |     5 |     2 |    16 |    51 |    62 |    31 |   319 ||   486
       Stone Arrow       |       |       |       |     9 |       |       |       |       |       ||     9
       Blink             |       |       |       |     4 |     3 |       |     2 |       |    12 ||    21
       Passwall          |       |       |       |     2 |       |       |     2 |       |       ||     4
       Statue Form       |       |       |       |       |    51 |    78 |   126 |    89 |   439 ||   783
       Regeneration      |       |       |       |       |    11 |    32 |    30 |    28 |   389 ||   490
       Repel Missiles    |       |       |       |       |     2 |    11 |     8 |    10 |    16 ||    47
       Song of Slaying   |       |       |       |       |       |     1 |       |       |       ||     1
       Control Undead    |       |       |       |       |       |       |       |       |    14 ||    14
       Passage of Golubr |       |       |       |       |       |       |       |       |     3 ||     3
       Irradiate         |       |       |       |       |       |       |       |       |    21 ||    21
       Summon Butterflie |       |       |       |       |       |       |       |       |     9 ||     9
       Apportation       |       |       |       |       |       |       |       |       |    29 ||    29
       Controlled Blink  |       |       |       |       |       |       |       |       |    14 ||    14
Invok: Bend Time         |       |       |     8 |     8 |     8 |     6 |     4 |       |    22 ||    56
       Slouch            |       |       |       |     6 |     2 |     1 |       |       |     9 ||    18
       Temporal Distorti |       |       |       |       |     1 |     2 |       |       |    22 ||    25
 Abil: End Transformatio |       |       |       |       |       |       |       |       |     3 ||     3
Evoke: Wand              |       |     1 |     4 |    18 |     4 |     3 |     1 |     1 |    21 ||    53
       Rod               |       |       |       |    62 |    29 |     7 |     1 |     1 |       ||   100
       Fan of gales      |       |       |       |     2 |       |       |       |       |       ||     2
       Box of beasts     |       |       |       |       |       |     1 |       |       |     7 ||     8
       Lamp of fire      |       |       |       |       |       |       |     1 |       |       ||     1
  Use: Scroll            |       |     9 |     5 |    15 |    14 |    11 |    10 |     6 |    39 ||   109
       Potion            |       |     4 |     5 |     4 |     6 |     1 |       |       |    25 ||    45
 Stab: Sleeping          |     6 |     7 |     6 |    15 |    24 |     4 |    15 |     6 |    48 ||   131
       Confused          |       |       |       |     3 |       |       |       |       |     4 ||     7
       Distracted        |       |       |       |     1 |     3 |     4 |     1 |     4 |    34 ||    47
       Petrified         |       |       |       |       |     3 |       |       |       |       ||     3
       Petrifying        |       |       |       |       |     1 |       |       |       |       ||     1
       Held in net/web   |       |       |       |       |       |       |       |       |     7 ||     7
  Eat: Chunk             |     4 |     8 |     8 |    17 |    32 |    15 |    34 |    19 |     2 ||   139
       Fruit             |       |     3 |       |     3 |     4 |     4 |     1 |     3 |     3 ||    21
       Bread ration      |       |       |     2 |       |       |       |     1 |     1 |    21 ||    25
       Pizza             |       |       |     1 |       |       |     1 |     2 |       |     3 ||     7
       Beef jerky        |       |       |       |     2 |     1 |    12 |     3 |     1 |     5 ||    24
       Royal jelly       |       |       |       |       |     2 |       |     2 |       |     1 ||     5
Armor: Skin              |    10 |     9 |     7 |     6 |   219 |   174 |   208 |   170 |  1305 ||  2108
Dodge: Dodged            |    44 |    69 |   190 |   441 |  1026 |   747 |   840 |   754 |  5968 || 10079
       Deflected         |       |       |       |       |    10 |    68 |    29 |    18 |    77 ||   202
Block: Buckler           |       |       |       |       |    35 |   205 |       |       |       ||   240
       Shield            |       |       |       |       |       |   395 |  1227 |  1143 |  7400 || 10165
       Reflection        |       |       |       |       |       |    76 |   144 |   100 |    98 ||   418
